 Dungeon Crawl Stone Soup version 0.26-a0-672-g1df16c3386 (webtiles) character file.

Game seed: 3794121873444837474

1705 grandjackal the Skirmisher (level 8, -3/64 HPs)
             Began as a Demonspawn Gladiator on Oct 19, 2020.
             Was a Follower of Uskayaw.
             Killed from afar by a gargoyle (19 damage)
             ... with a stone arrow
             ... on level 7 of the Dungeon.
             The game lasted 00:06:13 (5623 turns).

grandjackal the Skirmisher (Demonspawn Gladiator)   Turns: 5623, Time: 00:06:14

Health: -3/64      AC: 11    Str: 16    XL:     8   Next: 73%
Magic:  3/12       EV: 14    Int: 10    God:    Uskayaw [*.....]
Gold:   410        SH:  5    Dex: 15    Spells: 7/7 levels left

rFire    . . .     SeeInvis .   a - +0 long sword
rCold    . . .     Faith    .   (no shield)
rNeg     . . .     Spirit   .   w - +4 scale mail {MR+}
rPois    .         Reflect  +   c - +0 helmet
rElec    .         Harm     .   (no cloak)
rCorr    .         Rampage  .   (no gloves)
MR       +....                  (no boots)
Stlth    +.........             u - amulet of reflection
HPRegen  0.20/turn              v - ring of stealth
MPRegen  0.13/turn              (no ring)

@: no status effects
A: hooves 1, demonic guardian 1, spiny 1, sturdy frame 1
a: Stomp, Renounce Religion


You were on level 7 of the Dungeon.
You worshipped Uskayaw.
Uskayaw was noncommittal.
You visited 1 branch of the dungeon, and saw 7 of its levels.

You collected 410 gold pieces.

Inventory:

Hand Weapons
 a - a +0 long sword (weapon)
Missiles
 d - 3 throwing nets (quivered)
Armour
 c - a +0 helmet (worn)
 j - a +0 kite shield
 w - a +4 scale mail of magic resistance (worn)
Jewellery
 u - an amulet of reflection (around neck)
 v - a ring of stealth (left hand)
Wands
 x - a wand of disintegration (17)
Scrolls
 b - a scroll of fear {unknown}
 e - 6 scrolls of teleportation {unknown}
 f - 3 scrolls of amnesia {unknown}
 g - 12 scrolls of identify {unknown}
 n - 5 scrolls of remove curse {unknown}
 p - 2 scrolls of enchant weapon {unknown}
 r - a scroll of enchant armour {unknown}
 s - a scroll of random uselessness {unknown}
 t - 4 scrolls of blinking {unknown}
 y - a scroll of summoning {unknown}
Potions
 h - a potion of degeneration {unknown}
 i - a potion of stabbing {unknown}
 k - 2 potions of invisibility {unknown}
 l - a potion of berserk rage {unknown}
 m - a potion of heal wounds {unknown}
 o - 2 potions of ambrosia {unknown}
 q - 3 potions of flight {unknown}
 z - a potion of haste {unknown}


   Skills:
 + Level 6.1 Fighting
 + Level 6.0 Long Blades
 - Level 1.7 Throwing
 + Level 6.0 Dodging
 + Level 6.0 Invocations


You had 7 spell levels left.
You didn't know any spells.
Your spell library was empty.

Dungeon Overview and Level Annotations

Branches:
Dungeon (7/15)             Temple (0/1) D:5

Altars:
Ashenzari
Dithmenos
Fedhas
Gozag
Nemelex Xobeh
Sif Muna
Uskayaw
Vehumet
Wu Jian
Zin

Shops:
D:6 [

Annotations:
D:4 3 runed translucent doors, GoodGuyCap's ghost, amateur OpMo; JolietJake's ghost, amateur MiFi; Maimakterion's ghost, amateur OpFE; Sobieck's ghost, weakling KoAE; frankcastle's ghost, novice VSFi


Innate Abilities, Weirdness & Mutations

You have large cloven feet.
A weak demonic guardian rushes to your aid.
You are partially covered in sharp spines.
Your movements are slightly less encumbered by armour. (ER -2)


Message History

The gargoyle hits you but does no damage.
You can now pass through a line of other dancers.
Unknown command.
Unknown command.
You stomp with the beat, sending a shockwave through the revelers around you!
The gargoyle is severely damaged.
You can no longer pass through a line of other dancers.
An orc comes into view. It is wielding a +0 falchion.
The gargoyle hits you but does no damage.
You can now pass through a line of other dancers.
Unknown command.
Unknown command.
You stomp with the beat, sending a shockwave through the revelers around you!
The gargoyle is almost destroyed.
You can no longer pass through a line of other dancers.
The orc shouts!
Your white imp disappears in a puff of smoke!
The gargoyle hurls a stone arrow at you.
The stone arrow hits you!!
You die...

##.#..## ##.
#.##..## ..# .#
#..##..##..##.
##.###5.#.# .#
#..###...##.
##.####.##.# #
#..#...##. [#
#..##.##.###.###.#
#...#5##.5@9....o#
#...#.#†#######.#.
##..##.## #...##†#
#...###.# #....#
#.# ##...## #.#
##...# .# #...## #


You could see a gargoyle, an orc and a friendly shadow imp (summoned).

Vanquished Creatures
  Grinder (D:3)
  Edmund (D:5)
  An ice beast (D:6)
  A phantom (D:5)
  2 sky beasts (D:5)
  An ogre (D:7)
  4 bullfrogs
  A scorpion (D:7)
  A bullfrog zombie (D:5)
  A jelly (D:5)
  A hound (D:4)
  An orc wizard (D:6)
  2 iguanas
  4 worker ants
  2 howler monkey zombies (D:5)
  A worker ant zombie (D:5)
  7 adders
  3 white imps
  2 worms
  A dart slug (D:3)
  6 leopard geckos
  17 orcs
  6 bats
  6 giant cockroaches
  9 goblins
  9 hobgoblins
  9 jackals
  3 quokkas
  2 frilled lizards (D:2)
  A jackal skeleton (D:7)
  A jackal zombie (D:7)
  8 kobolds
  A leopard gecko skeleton (D:5)
  A quokka skeleton (D:4)
  9 rats
126 creatures vanquished.

Vanquished Creatures (collateral kills)
  A black bear (D:7)
  An ogre (D:5)
  A bullfrog (D:7)
  A water moccasin zombie (D:7)
  An orc wizard (D:6)
  A hound zombie (D:5)
6 creatures vanquished.

Vanquished Creatures (others)
  A fungus (D:7)
1 creature vanquished.

Grand Total: 133 creatures vanquished

Notes
Turn   | Place    | Note
-------+----------+-------------------------------------------
     0 | D:1      | grandjackal the Demonspawn Gladiator began the quest for
                  | the Orb.
     0 | D:1      | Reached XP level 1. HP: 16/16 MP: 1/1
   322 | D:1      | Gained mutation: Your movements are slightly less
                  | encumbered by armour. (ER -2) [demonic ancestry]
   322 | D:1      | Reached XP level 2. HP: 22/22 MP: 2/2
   724 | D:2      | Gained mutation: You have large cloven feet. [demonic
                  | ancestry]
   724 | D:2      | Reached XP level 3. HP: 21/28 MP: 3/3
   827 | D:2      | Found a glowing silver altar of Zin.
  1344 | D:2      | Found a sparkling altar of Nemelex Xobeh.
  1530 | D:2      | Gained mutation: A weak demonic guardian rushes to your
                  | aid. [demonic ancestry]
  1530 | D:2      | Reached XP level 4. HP: 35/35 MP: 4/4
  1670 | D:2      | Found a broken altar of Ashenzari.
  1680 | D:2      | Found a hide-covered altar of Uskayaw.
  2295 | D:3      | Found a shadowy altar of Dithmenos.
  2586 | D:3      | Noticed Grinder
  2602 | D:3      | Killed Grinder
  2602 | D:3      | Gained mutation: You are partially covered in sharp spines.
                  | [demonic ancestry]
  2602 | D:3      | Reached XP level 5. HP: 2/42 MP: 5/5
  3029 | D:2      | Became a worshipper of Uskayaw the Reveler
  3112 | D:3      | Reached * piety under Uskayaw
  3239 | D:3      | Reached XP level 6. HP: 47/48 MP: 6/6
  3386 | D:4      | Found an ornate altar of the Wu Jian Council.
  3391 | D:4      | Reached ** piety under Uskayaw
  3392 | D:4      | Reached skill level 1 in Invocations
  3429 | D:4      | Found a radiant altar of Vehumet.
  3677 | D:4      | Found a runed translucent gate.
  3680 | D:4      | Found a runed translucent gate.
  3681 | D:4      | Found a runed translucent gate.
  3682 | D:4      | Noticed JolietJake's ghost (amateur MiFi)
  3682 | D:4      | Noticed Sobieck's ghost (weakling KoAE)
  3683 | D:4      | Noticed Maimakterion's ghost (amateur OpFE)
  3683 | D:4      | Noticed frankcastle's ghost (novice VSFi)
  3683 | D:4      | Noticed GoodGuyCap's ghost (amateur OpMo)
  3997 | D:5      | Entered Level 5 of the Dungeon
  4045 | D:5      | Noticed Edmund
  4065 | D:5      | Killed Edmund
  4355 | D:5      | Reached XP level 7. HP: 50/55 MP: 8/8
  4365 | D:5      | Reached *** piety under Uskayaw
  4369 | D:5      | Reached **** piety under Uskayaw
  4501 | D:5      | Found a sparkling altar of Nemelex Xobeh.
  4823 | D:5      | Reached skill level 5 in Long Blades
  4849 | D:5      | Reached skill level 5 in Fighting
  4849 | D:5      | Reached skill level 5 in Dodging
  4916 | D:5      | Found a staircase to the Ecumenical Temple.
  5047 | D:6      | Reached XP level 8. HP: 48/62 MP: 11/11
  5054 | D:6      | Found Vagecelu's Antique Armour Emporium.
  5125 | D:6      | Reached skill level 5 in Invocations
  5302 | D:6      | Found a blossoming altar of Fedhas.
  5321 | D:6      | Found a shimmering blue altar of Sif Muna.
  5321 | D:6      | Found an opulent altar of Gozag.
  5430 | D:7      | Found a blossoming altar of Fedhas.
  5610 | D:7      | Noticed a gargoyle
  5623 | D:7      | Killed from afar by a gargoyle

Illustrated notes

Levels and vault maps discovered:
D:1:      minmay_arrival_four_houses, layout_basic
D:2:      layout_basic, lemuel_crystal_altar, zin_treasury,
          amethyst_overflow_temple_binary, bh_walls_and_bars
D:3:      layout_basic, nicolae_dithmenos_through_a_glass_darkly,
          serial_park_tiny_2, minmay_quantized, uniq_grinder
D:4:      layout_loops_cross, nicolae_overflow_hidden_temple,
          overflow_temple_1_default, gammafunk_ghost_cemetery,
          lemuel_statue_altar
D:5:      layout_basic, minmay_temple_entry_from_below_a,
          nemelex_xobeh_ov_fountains_minmay, uniq_edmund
D:6:      layout_rooms, gammafunk_temple_overflow_wave, kennysheep_mini,
          serial_shops, shop_fountains
D:7:      minmay_the_grid_triangle_9x9_rhombus_thin
          [minmay_the_grid_triangle_9x9_minimal,
          minmay_the_grid_triangle_9x9_prize_insulated,
          minmay_the_grid_triangle_9x9_semitri,
          minmay_the_grid_triangle_9x9_windchime], layout_rooms,
          nicolae_ru_great_annihilating_truth, overflow_temple_1_default,
          fedhas_altar_3

Skill      XL: |  1  2  3  4  5  6  7  8 |
---------------+-------------------------+-----
Dodging        | 3 4 5 6 |  6.0
Long Blades    | 3 4 5 6 |  6.0
Fighting       | 3 4 5 6 |  6.1
Invocations    | 2 4 6 |  6.0
Throwing       | |  1.7

Action                   |  1- 3 |  4- 6 |  7- 9 || total
-------------------------+-------+-------+-------++-------
Melee: Long sword        |    95 |   128 |   109 ||   332
       Kick              |     8 |    45 |    41 ||    94
Invok: Stomp             |       |       |     3 ||     3
 Stab: Sleeping          |     1 |       |     1 ||     2
       Paralysed         |       |       |     5 ||     5
       Distracted        |       |       |     2 ||     2
Armor: Leather armour    |    31 |    25 |       ||    56
       Scale mail        |       |       |    36 ||    36
Dodge: Dodged            |    81 |    81 |    40 ||   202
Block: Other             |       |     4 |    21 ||    25
       Reflection        |       |       |     1 ||     1
       Rpst.: Long sword |    23 |    29 |    10 ||    62

Table legend: (Time is in decaauts)
 A = Elapsed time spent in this place.
 B = Non-inter-level travel time spent in this place.
 C = Inter-level travel time spent in this place.
 D = Time resting spent in this place.
 E = Time spent auto-exploring this place.
 F = Levels seen in this place.
 G = Mean time per level.
                   A        B        C        D        E       F      G
               +--------+--------+--------+--------+--------+-----+--------+
         Total |   5689 |   5418 |    271 |   1402 |   3186 |   7 |  812.7 |
       Dungeon |   5689 |   5418 |    271 |   1402 |   3186 |   7 |  812.7 |
               +--------+--------+--------+--------+--------+-----+--------+

Top non-repeatable levels by time:
     D:3: 1640 daAuts
     D:2: 1093 daAuts
     D:5: 1031 daAuts
     D:1: 697 daAuts
     D:4: 613 daAuts
     D:6: 416 daAuts
     D:7: 196 daAuts
